cohdb
Replays
Latest Replays
All Replays
Popular Replays
Top Player Replays
Match Explorer
How It Works
Community
CoH3 Stats
Reddit
Sign in to upload your games and track your stats! →
Sign in with Steam
Match 43208616
Unlisted
Match 43208616
Overview
Messages
Build Orders
End
Kradschützen Motorcycle Team
Selects Italian Combined Arms Battlegroup
Selects Bersaglieri Squad
Bersaglieri Squad
Bersaglieri Squad
Bersaglieri Squad
Construct Light Support Kompanie
Selects Bersaglieri Bolster
Fire Support Elements
Pak 38 Mechanized Group
Flakvierling Half-track
Vehicle Survival Package
Bersaglieri Squad
Construct Panzerarmee Kommand
Selects Semovente da 75/18 Assault Gun
Selects Strafing Run
Selects Pact of Steel
Bersaglieri Squad
Emergency Repair Kits
Strafing Run
Panzer III L Medium Tank
Selects Breda Model 30 Light Machine Guns
Pak 38 Mechanized Group
Strafing Run
MG34 Team
Walking Stuka Rocket Launcher
Strafing Run
Pak 38 Mechanized Group
Flak 36 Anti-tank Gun Team
MG34 Team
Strafing Run
Rapid Advance
MrGlaucus
Discoverer
Stana
XoniX_Samurai
0
0
Comments
sign in to comment!
No comments posted yet!